[ AOE2 MATCH · #506259265 ]
UnrankedMapuche vs Aztecs
Player's team · LOSS
Rival team · WIN
[ REPLAY ANALYSIS · EXTRACTED FROM THE RECORDED GAME ]
Feudal
18:08
Castle
21:39
Imperial
—
| APM avg | 27.0 |
| APM peak | 57 |
| eAPM avg | 16.7 |
| Villagers / military | 79 / 8 |
Focus
⚔️ 20.2% · 🌾 79.8%
Bolas Rider ×4 · Petard ×3 · Spearman ×1
Feudal
18:30
Castle
22:10
Imperial
—
| APM avg | 37.2 |
| APM peak | 100 |
| eAPM avg | 16.8 |
| Villagers / military | 63 / 16 |
Focus
⚔️ 29.6% · 🌾 70.4%
Monk ×12 · Eagle Scout ×2 · Battering Ram ×2
Match map
Initial resources + every placement click. Lines = walls · curves = elevation contours. ◆ gold · ⬟ stone · ● berries · ✦ relic · ◌ wall gap
Your base· ✓ Closed at 21:39 · 25t walls · no gate
Ghost's base· ✓ Closed at 22:10 · 13t walls · no gate
Smoothed initial terrain · ◌ = detected wall gap · hover for details
Inputs per minute
— jj1471 - - Ghost
Build order — jj1471
First 150 of 179 actions detected
| 0:01 | Queue | Villager (Male) |
| 0:02 | Queue | Villager (Male) |
| 0:02 | Queue | Villager (Male) |
| 0:03 | Build | House |
| 0:05 | Build | House |
| 0:38 | Research | Loom |
| 0:58 | Build | Palisade Wall |
| 1:03 | Queue | Villager (Male) |
| 1:04 | Queue | Villager (Male) |
| 1:43 | Queue | Villager (Male) |
| 2:16 | Build | Palisade Wall |
| 2:29 | Build | Palisade Wall |
| 2:37 | Queue | Villager (Male) |
| 2:57 | Queue | Villager (Male) |
| 3:28 | Queue | Villager (Male) |
| 3:58 | Queue | Villager (Male) |
| 4:22 | Queue | Villager (Male) |
| 5:14 | Queue | Villager (Male) |
| 5:29 | Build | House |
| 5:32 | Queue | Villager (Male) |
| 6:01 | Queue | Villager (Male) |
| 6:30 | Queue | Villager (Male) |
| 6:40 | Build | Settlement |
| 7:07 | Queue | Villager (Male) |
| 7:36 | Queue | Villager (Male) |
| 8:19 | Queue | Villager (Male) |
| 8:46 | Queue | Villager (Male) |
| 9:02 | Build | Palisade Wall |
| 9:03 | Build | Palisade Wall |
| 9:04 | Build | Palisade Wall |
| 9:07 | Build | Palisade Wall |
| 9:18 | Build | Palisade Wall |
| 9:43 | Queue | Villager (Male) |
| 10:07 | Queue | Villager (Male) |
| 10:16 | Queue | Villager (Male) |
| 10:28 | Queue | Villager (Male) |
| 11:21 | Queue | Villager (Male) |
| 11:24 | Build | Settlement |
| 11:33 | Queue | Villager (Male) |
| 12:10 | Queue | Villager (Male) |
| 12:25 | Queue | Villager (Male) |
| 12:33 | Build | Farm |
| 12:48 | Build | Farm |
| 12:49 | Queue | Villager (Male) |
| 12:59 | Build | Farm |
| 13:08 | Queue | Villager (Male) |
| 13:25 | Build | Farm |
| 13:27 | Queue | Villager (Male) |
| 13:37 | Build | House |
| 13:41 | Build | Farm |
| 13:52 | Build | House |
| 13:56 | Queue | Villager (Male) |
| 14:04 | Build | Farm |
| 14:27 | Build | Farm |
| 14:28 | Queue | Villager (Male) |
| 14:52 | Build | Farm |
| 14:55 | Queue | Villager (Male) |
| 15:11 | Queue | Villager (Male) |
| 15:23 | Build | Settlement |
| 15:42 | Build | Farm |
| 15:54 | Research | Feudal Age |
| 16:20 | Queue | Villager (Male) |
| 16:20 | Queue | Villager (Male) |
| 16:35 | Build | Farm |
| 17:48 | Build | Farm |
| 18:08 | Age | Feudal Age |
| 18:11 | Build | Market |
| 18:13 | Build | Blacksmith |
| 18:19 | Build | House |
| 18:53 | Build | Stone Wall |
| 18:59 | Research | Castle Age |
| 19:10 | Research | Double-Bit Axe |
| 19:13 | Queue | Villager (Male) |
| 19:29 | Research | Horse Collar |
| 19:46 | Queue | Spearman |
| 21:10 | Build | Barracks |
| 21:17 | Research | Fletching |
| 21:39 | Age | Castle Age |
| 21:51 | Build | Palisade Wall |
| 21:57 | Build | Archery Range |
| 22:00 | Build | House |
| 22:04 | Build | Palisade Wall |
| 22:05 | Queue | Villager (Male) |
| 22:12 | Build | Town Center |
| 22:19 | Research | Bow Saw |
| 22:26 | Queue | Villager (Male) |
| 22:40 | Queue | Petard |
| 22:46 | Queue | Villager (Male) |
| 22:49 | Queue | Petard |
| 22:55 | Build | Palisade Wall |
| 22:56 | Build | Palisade Wall |
| 23:01 | Build | Palisade Wall |
| 23:03 | Build | Palisade Wall |
| 23:12 | Queue | Bolas Rider |
| 23:14 | Queue | Villager (Male) |
| 23:27 | Queue | Bolas Rider |
| 23:29 | Queue | Villager (Male) |
| 23:41 | Queue | Villager (Male) |
| 23:46 | Queue | Villager (Male) |
| 23:55 | Queue | Villager (Male) |
| 24:09 | Queue | Villager (Male) |
| 24:12 | Queue | Bolas Rider |
| 24:18 | Queue | Villager (Male) |
| 24:23 | Build | House |
| 24:26 | Build | House |
| 24:29 | Queue | Villager (Male) |
| 24:37 | Build | Farm |
| 24:38 | Build | Farm |
| 24:39 | Build | Farm |
| 24:44 | Queue | Villager (Male) |
| 24:53 | Queue | Villager (Male) |
| 24:59 | Queue | Petard |
| 25:01 | Queue | Bolas Rider |
| 25:05 | Queue | Villager (Male) |
| 25:10 | Build | Palisade Gate |
| 25:13 | Queue | Villager (Male) |
| 25:19 | Build | House |
| 25:20 | Build | House |
| 25:20 | Build | House |
| 25:20 | Build | House |
| 25:20 | Build | House |
| 25:21 | Build | House |
| 25:21 | Build | House |
| 25:22 | Build | House |
| 25:23 | Queue | Villager (Male) |
| 25:30 | Queue | Villager (Male) |
| 25:33 | Build | Farm |
| 25:33 | Build | Farm |
| 25:33 | Build | Farm |
| 25:34 | Build | Farm |
| 25:34 | Build | Farm |
| 25:34 | Build | Farm |
| 25:34 | Build | Farm |
| 25:35 | Build | Farm |
| 25:35 | Build | Farm |
| 25:35 | Build | Farm |
| 25:49 | Queue | Villager (Male) |
| 25:58 | Build | Settlement |
| 26:02 | Build | Farm |
| 26:05 | Queue | Villager (Male) |
| 26:09 | Build | Farm |
| 26:25 | Queue | Villager (Male) |
| 26:26 | Queue | Villager (Male) |
| 26:39 | Queue | Villager (Male) |
| 26:44 | Build | Farm |
| 26:50 | Queue | Villager (Male) |
| 27:07 | Queue | Villager (Male) |
| 27:26 | Queue | Villager (Male) |
| 27:35 | Queue | Villager (Male) |
| 27:41 | Build | Farm |
Build order — Ghost
First 150 of 156 actions detected
| 0:01 | Queue | Villager (Male) |
| 0:01 | Queue | Villager (Male) |
| 0:01 | Queue | Villager (Male) |
| 0:02 | Build | House |
| 0:03 | Build | House |
| 0:09 | Queue | Villager (Male) |
| 1:15 | Research | Loom |
| 1:19 | Queue | Villager (Male) |
| 1:53 | Queue | Villager (Male) |
| 2:38 | Queue | Villager (Male) |
| 2:51 | Build | Palisade Wall |
| 3:03 | Queue | Villager (Male) |
| 3:31 | Build | Palisade Wall |
| 3:32 | Build | Palisade Wall |
| 4:01 | Queue | Villager (Male) |
| 4:06 | Queue | Villager (Male) |
| 4:37 | Queue | Villager (Male) |
| 5:10 | Queue | Villager (Male) |
| 5:33 | Queue | Villager (Male) |
| 5:44 | Build | House |
| 6:21 | Queue | Villager (Male) |
| 6:35 | Build | Palisade Wall |
| 7:00 | Queue | Villager (Male) |
| 7:08 | Build | Mill |
| 8:48 | Queue | Villager (Male) |
| 8:48 | Queue | Villager (Male) |
| 9:16 | Queue | Villager (Male) |
| 9:55 | Build | Palisade Wall |
| 9:59 | Queue | Villager (Male) |
| 9:59 | Queue | Villager (Male) |
| 10:50 | Queue | Villager (Male) |
| 11:49 | Queue | Villager (Male) |
| 11:51 | Build | Palisade Wall |
| 11:55 | Build | Palisade Wall |
| 11:56 | Build | House |
| 12:08 | Queue | Villager (Male) |
| 12:12 | Build | Lumber Camp |
| 12:23 | Queue | Villager (Male) |
| 12:57 | Build | House |
| 13:02 | Queue | Villager (Male) |
| 13:28 | Build | Mill |
| 13:32 | Queue | Villager (Male) |
| 13:59 | Queue | Villager (Male) |
| 14:09 | Queue | Villager (Male) |
| 14:24 | Queue | Villager (Male) |
| 15:19 | Queue | Villager (Male) |
| 15:30 | Build | Mining Camp |
| 15:55 | Queue | Villager (Male) |
| 16:09 | Research | Feudal Age |
| 16:35 | Queue | Villager (Male) |
| 16:35 | Queue | Villager (Male) |
| 16:39 | Build | House |
| 16:53 | Build | Barracks |
| 16:55 | Queue | Villager (Male) |
| 18:30 | Age | Feudal Age |
| 18:32 | Build | Market |
| 18:34 | Build | Blacksmith |
| 18:42 | Build | Outpost |
| 18:54 | Research | Town Watch |
| 19:00 | Research | Double-Bit Axe |
| 19:30 | Research | Castle Age |
| 19:37 | Build | Mining Camp |
| 19:57 | Queue | Eagle Scout |
| 20:30 | Queue | Eagle Scout |
| 20:44 | Queue | Villager (Male) |
| 21:23 | Build | Lumber Camp |
| 21:34 | Research | Scale Mail Armor |
| 21:42 | Queue | Villager (Male) |
| 21:46 | Queue | Villager (Male) |
| 21:50 | Build | House |
| 22:10 | Age | Castle Age |
| 22:13 | Research | Eagle Warrior (upgrade) |
| 22:25 | Queue | Villager (Male) |
| 22:45 | Build | Castle |
| 22:46 | Queue | Villager (Male) |
| 23:07 | Research | Squires |
| 23:10 | Queue | Villager (Male) |
| 23:14 | Build | Farm |
| 23:14 | Build | Farm |
| 23:14 | Build | Farm |
| 23:15 | Build | Farm |
| 23:15 | Build | Farm |
| 23:15 | Build | Farm |
| 23:15 | Build | Farm |
| 24:17 | Build | Lumber Camp |
| 24:29 | Build | Gate |
| 24:31 | Build | Palisade Wall |
| 24:38 | Build | Palisade Wall |
| 24:40 | Build | Stone Wall |
| 24:41 | Build | Stone Wall |
| 24:41 | Build | Stone Wall |
| 24:44 | Queue | Villager (Male) |
| 24:51 | Build | Monastery |
| 25:01 | Build | Monastery |
| 25:06 | Queue | Villager (Male) |
| 25:27 | Queue | Villager (Male) |
| 25:37 | Research | Sanctity |
| 25:46 | Build | Monastery |
| 25:48 | Queue | Monk |
| 25:51 | Queue | Villager (Male) |
| 26:04 | Build | Farm |
| 26:05 | Build | Farm |
| 26:14 | Research | Fervor |
| 26:27 | Build | Mining Camp |
| 26:38 | Queue | Villager (Male) |
| 26:40 | Queue | Villager (Male) |
| 27:00 | Research | Redemption |
| 27:00 | Research | Redemption |
| 27:03 | Queue | Villager (Male) |
| 27:06 | Queue | Villager (Male) |
| 27:16 | Build | Town Center |
| 27:30 | Queue | Villager (Male) |
| 27:32 | Build | Farm |
| 27:39 | Queue | Monk |
| 27:40 | Queue | Villager (Male) |
| 27:54 | Queue | Monk |
| 27:54 | Queue | Monk |
| 27:56 | Queue | Villager (Male) |
| 28:07 | Build | Outpost |
| 28:13 | Queue | Monk |
| 28:13 | Queue | Monk |
| 28:17 | Queue | Villager (Male) |
| 28:35 | Build | Outpost |
| 28:37 | Queue | Monk |
| 28:53 | Queue | Monk |
| 28:53 | Queue | Monk |
| 28:57 | Build | Siege Workshop |
| 29:15 | Queue | Villager (Male) |
| 29:16 | Queue | Villager (Male) |
| 29:17 | Queue | Monk |
| 29:20 | Queue | Monk |
| 29:21 | Queue | Villager (Male) |
| 30:00 | Queue | Monk |
| 30:01 | Queue | Villager (Male) |
| 30:04 | Build | House |
| 30:05 | Build | House |
| 30:05 | Build | House |
| 30:06 | Build | House |
| 30:06 | Build | House |
| 30:12 | Queue | Battering Ram |
| 30:19 | Queue | Villager (Male) |
| 30:20 | Build | Farm |
| 30:20 | Build | Farm |
| 30:21 | Build | Farm |
| 30:21 | Build | Farm |
| 30:21 | Build | Farm |
| 30:21 | Build | Farm |
| 30:21 | Build | Farm |
| 30:53 | Queue | Villager (Male) |
| 31:00 | Queue | Battering Ram |
Match timeline
| 0:58 | jj1471 · wall_segment Palisade Wall x6 |
| 2:16 | jj1471 · wall_segment Palisade Wall x1 |
| 2:29 | jj1471 · wall_segment Palisade Wall x1 |
| 2:51 | Ghost · wall_segment Palisade Wall x8 |
| 3:31 | Ghost · wall_segment Palisade Wall x1 |
| 3:32 | Ghost · wall_segment Palisade Wall x1 |
| 6:35 | Ghost · wall_segment Palisade Wall x1 |
| 9:02 | jj1471 · wall_segment Palisade Wall x1 |
| 9:03 | jj1471 · wall_segment Palisade Wall x1 |
| 9:04 | jj1471 · wall_segment Palisade Wall x1 |
| 9:07 | jj1471 · wall_segment Palisade Wall x1 |
| 9:18 | jj1471 · wall_segment Palisade Wall x1 |
| 9:55 | Ghost · wall_segment Palisade Wall x1 |
| 11:51 | Ghost · wall_segment Palisade Wall x1 |
| 11:55 | Ghost · wall_segment Palisade Wall x1 |
| 16:53 | Ghost · first_building Barracks |
| 18:08 | jj1471 · age_up feudal |
| 18:30 | Ghost · age_up feudal |
| 18:53 | jj1471 · wall_segment Stone Wall x12 |
| 21:10 | jj1471 · first_building Barracks |
| 21:39 | jj1471 · age_up castle |
| 21:51 | jj1471 · wall_segment Palisade Wall x1 |
| 21:57 | jj1471 · first_building Archery Range |
| 22:04 | jj1471 · wall_segment Palisade Wall x1 |
| 22:10 | Ghost · age_up castle |
| 22:45 | Ghost · first_building Castle |
| 22:55 | jj1471 · wall_segment Palisade Wall x1 |
| 22:56 | jj1471 · wall_segment Palisade Wall x1 |
| 23:01 | jj1471 · wall_segment Palisade Wall x1 |
| 23:03 | jj1471 · wall_segment Palisade Wall x1 |
| 24:31 | Ghost · wall_segment Palisade Wall x3 |
| 24:38 | Ghost · wall_segment Palisade Wall x1 |
| 24:40 | Ghost · wall_segment Stone Wall x1 |
| 24:41 | Ghost · wall_segment Stone Wall x1 |
| 24:41 | Ghost · wall_segment Stone Wall x1 |
| 24:51 | Ghost · first_building Monastery |
| 26:50 | Ghost · first_market_sell 100 wood |
| 28:21 | jj1471 · first_building Monastery |
| 28:57 | Ghost · first_building Siege Workshop |
| 30:03 | jj1471 · first_market_buy 100 stone |
| 30:14 | jj1471 · first_building Castle |
| 30:24 | jj1471 · first_market_sell 100 wood |
| 31:47 | jj1471 · resign |
[ AI ANALYSIS · 1 CREDIT ]
What really happened in this match?
Wolo.gg analyzes every decision: build order, eco, micro, common mistakes by bracket. Personalized analysis on WhatsApp or Discord in 30 seconds.
Civ guide
Mapuche
Perfil
Jugador #233339